 Dungeon Crawl Stone Soup version 0.30-a0-219-gf2db51d15e (webtiles) character file.

Game seed: 2482863932760694290

46 tsouns the Vexing (level 3, 0/18 HPs)
             Began as a Spriggan Hexslinger on Oct 6, 2022.
             Killed from afar by Ijyb (18 damage)
             ... with an iceblast
             ... on level 3 of the Dungeon.
             The game lasted 00:02:14 (1324 turns).

tsouns the Vexing (Spriggan Hexslinger)             Turns: 1324, Time: 00:02:15

Health: 0/18       AC:  2    Str:  6    XL:     3   Next: 46%
Magic:  6/6        EV: 17    Int: 20    God:
Gold:   192        SH:  0    Dex: 12    Spells: 3/4 levels left

rFire   + . .      SeeInvis +    l - +7 spear "Wiozul" {drain, rF+ Int+4 Dex-3 SInv}
rCold   . . .      Faith    .    (no shield)
rNeg    . . .      Spirit   .    c - +0 robe
rPois   .          Reflect  .    (helmet restricted)
rElec   .          Harm     .    (no cloak)
rCorr   .          Rampage  .    (gloves unavailable)
Will    .....                    (boots unavailable)
Stlth   +.........               (no amulet)
HPRegen 0.23/turn                (no ring)
MPRegen 0.10/turn                (no ring)

@: very quick
A: very small, no large weapons, unfitting armour, see invisible, speed 3
a: no special abilities


You were on level 3 of the Dungeon.
You visited 1 branch of the dungeon, and saw 3 of its levels.

You collected 192 gold pieces.

Inventory:

Hand Weapons
 a - a +1 sling
 l - the +7 spear "Wiozul" (weapon) {drain, rF+ Int+4 Dex-3 SInv}
   (You found it on level 2 of the Dungeon)

   A truly terrible weapon, it drains the life of any living foe it strikes.
   Int:       It affects your intelligence (+4).
   Dex:       It affects your dexterity (-3).
   rF:        It protects you from fire.
   SInv:      It lets you see invisible.
Missiles
 k - 10 poisoned darts
Armour
 c - a +0 robe (worn)
Scrolls
 b - a scroll of poison
 e - a scroll of blinking {unknown}
 f - a scroll of amnesia {unknown}
 h - 2 scrolls of enchant armour {unknown}
 j - a scroll of magic mapping {unknown}
 n - 2 scrolls of vulnerability {unknown}
Potions
 d - 2 potions of curing {unknown}
 g - a potion of cancellation {unknown}
 i - 2 potions of heal wounds {unknown}
 m - a potion of degeneration {unknown}


   Skills:
 + Level 1.6 Fighting
 + Level 0.0 Polearms
 + Level 2.7 Ranged Weapons
 - Level 2.6 Dodging
 - Level 1.3 Spellcasting
 + Level 4.3 Hexes


You had 3 spell levels left.
You knew the following spells:

 Your Spells              Type           Power      Damage    Failure   Level
a - Slow                  Hex            72%        N/A       2%          1

Your spell library contained the following spells:

 Spells                   Type           Power      Damage    Failure   Level
 Inner Flame              Hex/Fire       10%        N/A       21%         3
 Portal Projectile        Hex/Tloc       20%        N/A       21%         3
 Cause Fear               Hex            9%         N/A       28%         4
 Blade Hands              Tmut           0%         N/A       99%         5
 Irradiate                Conj/Tmut      0%         3d11      99%         5
 Dragon Form              Tmut           0%         N/A       100%        7


Dungeon Overview and Level Annotations

Branches:
Dungeon (3/15)

Altars:

Annotations:
D:3 3 runed translucent doors, Ijyb; sausages's ghost, amateur HOMo


Innate Abilities, Weirdness & Mutations

You are very small and have problems with some larger weapons.
You are too small for most types of armour.
You have supernaturally acute eyesight. (SInv)
You cover ground extremely quickly. (Speed+++)


Message History

An adder is nearby!
You reach to attack!
You hit the adder. You drain the adder.
The adder is almost dead.
You puncture the adder!
You kill the adder!
No target in view!
No target in view!
No target in view!
No target in view!
No target in view!
No target in view!
No target in view!
No target in view!
No target in view!
No target in view!
No target in view!
No target in view!
No target in view!
No target in view!
No target in view!
Done exploring.
Done exploring.
There is a stone staircase leading down here.
You climb downwards.
There is a stone staircase leading up here.
Found a stone staircase leading up.
Found a runed translucent gate.
Found a scale mail.
The adder hisses angrily.
Sausages's ghost turns its malevolent gaze towards you.
Ijyb and a rat come into view.
Ijyb is wielding a +0 dagger and carrying a wand of iceblast (12).
Ijyb shouts!
The rat twitches its whiskers.
Ijyb screams, "I no like you!"
You reach to attack!
You hit the rat.
You kill the rat!
Ijyb zaps a wand.
The mass of ice explodes!
The iceblast engulfs you!!
Ouch! That really hurt!
You die...

####### ##############
~~~~.....#......@.†g..#
..≈≈≈~##........#####+#
..##~≈≈..#......#
..###≈## #####.##
.......## #...#
...##...# #.#.#
#..##.#.# #.#.#
........# #.#..
........####.####


You could see Ijyb.

Vanquished Creatures
  An adder (D:2)
  A worm (D:2)
  A dart slug (D:2)
  7 bats
  3 endoplasms
  3 goblins
  2 hobgoblins
  5 kobolds
  2 quokkas
  3 ball pythons
  3 rats
31 creatures vanquished.

Notes
Turn   | Place    | Note
-------+----------+-------------------------------------------
     0 | D:1      | tsouns the Spriggan Hexslinger began the quest for the Orb.
     0 | D:1      | Reached XP level 1. HP: 9/9 MP: 3/3
    44 | D:1      | Reached skill level 1 in Fighting
   246 | D:1      | Reached XP level 2. HP: 14/14 MP: 5/5
   699 | D:2      | Reached skill level 4 in Hexes
   800 | D:2      | Identified the +2 scale mail of the Hurricane {rElec MP+9
                  | Str+4 Stlth-}
   834 | D:2      | Reached XP level 3. HP: 18/18 MP: 6/6
   849 | D:2      | Identified the +7 spear "Wiozul" {drain, rF+ Int+4 Dex-3
                  | SInv}
  1110 | D:2      | Identified the +2 ring mail of Restlessness {Dex+2}
  1293 | D:3      | Found a runed translucent gate.
  1294 | D:3      | Found a runed translucent gate.
  1294 | D:3      | Found a runed translucent gate.
  1307 | D:3      | Noticed sausages's ghost (amateur HOMo)
  1322 | D:3      | Noticed Ijyb
  1324 | D:3      | Killed from afar by Ijyb

Illustrated notes

Levels and vault maps discovered:
D:1:      kennysheep_arrival_forest, layout_loops_ring, minmay_small_reverse_x
D:2:      layout_loops_ring
D:3:      layout_rooms, nicolae_kikubaaqudgha_miasma_corner,
          mainiacjoe_overflow_brackets, hellmonk_ecumenical_altar_lost_god,
          gammafunk_ghost_split, serial_rivers, chequers_serial_rivers_micro_d,
          chequers_serial_rivers_small_a, chequers_serial_rivers_micro_c,
          chequers_serial_rivers_room_b, chequers_serial_rivers_room_a,
          chequers_serial_rivers_large_b, chequers_serial_rivers_small_a,
          minmay_misc_feat_x, uniq_ijyb

Skill      XL: |  1  2 |
---------------+-------+-----
Fighting       | 1 |  1.6
Hexes          | 4 |  4.3
Ranged Weapons | |  2.7
Dodging        | |  2.6
Spellcasting   | |  1.3

Action                   || total
-------------------------++-------
Melee: Spear             ||     8
 Fire: Sling             ||    78
 Cast: Slow              ||     3
 Stab: Sleeping          ||     1
Armor: Robe              ||     6
Dodge: Dodged            ||    46

Table legend: (Time is in decaauts)
 A = Elapsed time spent in this place.
 B = Non-inter-level travel time spent in this place.
 C = Inter-level travel time spent in this place.
 D = Time resting spent in this place.
 E = Time spent auto-exploring this place.
 F = Levels seen in this place.
 G = Mean time per level.
                   A        B        C        D        E       F      G
               +--------+--------+--------+--------+--------+-----+--------+
         Total |    872 |    840 |     32 |      0 |    662 |   3 |  290.7 |
       Dungeon |    872 |    840 |     32 |      0 |    662 |   3 |  290.7 |
               +--------+--------+--------+--------+--------+-----+--------+

Top non-repeatable levels by time:
     D:2: 435 daAuts
     D:1: 415 daAuts
     D:3: 21 daAuts
